 Dungeon Crawl Stone Soup version 0.29-a0-375-g5102b3be25 (webtiles) character file.

Game seed: 3314478582677885264

23 flotson the Sneak (level 2, -4/24 HPs)
             Began as a Demonspawn Delver on May 3, 2022.
             Slain by an iguana (6 damage)
             ... on level 2 of the Dungeon.
             The game lasted 00:01:42 (979 turns).

flotson the Sneak (Demonspawn Delver)                Turns: 979, Time: 00:01:43

Health: -4/24      AC:  3    Str: 12    XL:     2   Next: 75%
Magic:  11/11      EV: 12    Int: 11    God:
Gold:   37         SH:  0    Dex: 14    Spells: 1/1 levels left

rFire   . . .      SeeInvis .   i - +0 morningstar
rCold   . . .      Faith    .   (no shield)
rNeg    . . .      Spirit   .   b - +0 leather armour
rPois   .          Reflect  .   (no helmet)
rElec   .          Harm     .   (no cloak)
rCorr   .          Rampage  .   (no gloves)
Will    .....                   (no boots)
Stlth   ++........              h - amulet of magic regeneration
HPRegen 0.08/turn               j - ring of magical power
MPRegen 0.52/turn               (no ring)

@: no status effects
A: demonic touch 1
a: no special abilities


You were on level 2 of the Dungeon.
You visited 2 branches of the dungeon, and saw 5 of its levels.

You collected 37 gold pieces.

Inventory:

Hand Weapons
 a - a +0 spear
 i - a +0 morningstar (weapon)
Missiles
 o - 6 poisoned darts (quivered)
Armour
 b - a +0 leather armour (worn)
Jewellery
 h - an amulet of magic regeneration (around neck)
 j - a ring of magical power (left hand)
Wands
 g - a wand of digging (3)
Scrolls
 c - a scroll of fog
 d - a scroll of magic mapping
 e - a scroll of fear
 k - 3 scrolls of identify {unknown}
 n - a scroll of blinking {unknown}
 p - a scroll of summoning {unknown}
Potions
 f - a potion of haste
 l - a potion of resistance {unknown}
 m - a potion of mutation {unknown}


   Skills:
 + Level 3.2 Fighting
 + Level 2.1 Polearms
 + Level 0.0 Throwing
 + Level 0.8 Armour
 + Level 2.1 Dodging
 - Level 4.5 Stealth
 + Level 0.0 Evocations


You had one spell level left.
You didn't know any spells.
Your spell library was empty.

Dungeon Overview and Level Annotations

Branches:
Dungeon (5/15)             Temple (1/1) D:5

Altars:
Cheibriados
Elyvilon
Fedhas
Gozag
Hepliaklqana
Kikubaaqudgha
Makhleb
Nemelex Xobeh
Okawaru
Qazlal
Ru
Sif Muna
Trog
Uskayaw
Vehumet
Zin
The Shining One

Annotations:
D:3 Jessica
D:5 Dowan, Duvessa


Innate Abilities, Weirdness & Mutations

Your touch may inflict minor irresistible damage on your foes.


Message History

l - a puce potion
m - a lumpy pink potion A ball python comes into view.
The ball python hisses angrily.
You hit the ball python.
You touch the ball python.
You kill the ball python!
No target in view!
No target in view!
No target in view!
No target in view!
No target in view!
No target in view!
k - 3 scrolls labelled SURIUCKOMEY (gained 1)
n - a scroll labelled OZERAR QOLO
Found a stone staircase leading down.
Found 6 poisoned darts.
There is a stone staircase leading down here.
You see here 6 poisoned darts.
o - 6 poisoned darts
There is a stone staircase leading down here.
p - a scroll labelled VEBUPERI ROKEY An iguana comes into view.
Found 13 gold pieces and a whip.
The iguana hisses angrily.
You hit the iguana but do no damage. The iguana bites you.
You hit the iguana but do no damage.
You touch the iguana.
The iguana is moderately wounded.
The iguana bites you! The iguana barely misses you.
You hit the iguana.
The iguana is severely wounded.
The iguana closely misses you.
You hit the iguana.
The iguana is almost dead.
The iguana bites you. The iguana bites you!
* * * LOW HITPOINT WARNING * * *
You are too injured to fight recklessly!
You closely miss the iguana.
The iguana is almost dead.
The iguana bites you.
You die...

#.###.###.##.# ##...##
#.# ##.### #.# ##.# #.#
##### ##.######.##
##...## #
...........#.##.....#.##
.#†#####...# .....$)....
.#.# #...# #..l......
...# #..######@..# ####
#..##....?.##
#..##.###### #..##.#
#..##.# #.....# #..####
#.#####>.# #........#


You could see an iguana.

Vanquished Creatures
  An adder (D:2)
  A worm (D:3)
  An orc (D:5)
  A hobgoblin (D:3)
  2 jackals (D:2)
  3 ball pythons
  A kobold (D:3)
  2 rats (D:3)
12 creatures vanquished.

Notes
Turn   | Place    | Note
-------+----------+-------------------------------------------
     0 | D:5      | flotson the Demonspawn Delver began the quest for the Orb.
     0 | D:5      | Reached XP level 1. HP: 18/18 MP: 1/1
    15 | D:5      | Found a staircase to the Ecumenical Temple.
    27 | Temple   | Entered the Ecumenical Temple
    96 | D:5      | Noticed an orc wizard
   134 | D:5      | Noticed a scorpion
   135 | D:5      | Noticed Dowan
   137 | D:5      | Noticed Duvessa
   393 | D:3      | Noticed Jessica
   427 | D:3      | Gained mutation: Your touch may inflict minor irresistible
                  | damage on your foes. [demonic ancestry]
   427 | D:3      | Reached XP level 2. HP: 13/24 MP: 2/2
   979 | D:2      | Slain by an iguana

Illustrated notes

Levels and vault maps discovered:
D:2:      layout_loops_ring, uniq_terence, uniq_crazy_yiuf_cottage
D:3:      layout_loops_ring, mainiacjoe_overflow_six_doors_small,
          mainiacjoe_overflow_alcove_1, serial_shops, nicolae_shop_hallway_plus,
          minmay_misc_feat_nine_boxes, minmay_quadrilaterals, uniq_jessica
D:4:      layout_basic, nicolae_ashenzari_skybound, serial_shops,
          nicolae_shop_advertising_works [nicolae_subvault_shop_adworks],
          nicolae_shop_statue_plus, minmay_misc_feat_cross,
          kennysheep_generic_room_14
D:5:      minmay_diamond_boxcup, layout_basic, minmay_temple_entry_sparse_star,
          uniq_duvessa
Temple:   hc_temple_tempest_star

Skill      XL: |  1 |
---------------+----+-----
Polearms       | 2 |  2.1
Dodging        | 2 |  2.1
Fighting       | |  3.2
Armour         | |  0.8
Stealth        | |  4.5

Action                   || total
-------------------------++-------
Melee: Morningstar       ||    32
       Touch             ||     3
Armor: Leather armour    ||     7
Dodge: Dodged            ||    30

Table legend: (Time is in decaauts)
 A = Elapsed time spent in this place.
 B = Non-inter-level travel time spent in this place.
 C = Inter-level travel time spent in this place.
 D = Time resting spent in this place.
 E = Time spent auto-exploring this place.
 F = Levels seen in this place.
 G = Mean time per level.
                   A        B        C        D        E       F      G
               +--------+--------+--------+--------+--------+-----+--------+
         Total |    993 |    984 |      9 |     88 |    685 |   5 |  198.6 |
       Dungeon |    928 |    927 |      1 |     88 |    640 |   4 |  232.0 |
        Temple |     64 |     56 |      8 |      0 |     45 |   1 |   64.0 |
               +--------+--------+--------+--------+--------+-----+--------+

Top non-repeatable levels by time:
     D:3: 687 daAuts
     D:2: 156 daAuts
     D:5: 78 daAuts
  Temple: 64 daAuts
     D:4: 5 daAuts
